 Dungeon Sprint DCSS version 0.28.0-43-g3370ac3207 (webtiles) character file.

Game seed: 11674793151248523942

1129 boopmooplesden the Cleaver (level 8, -1/86 HPs)
             Began as a Minotaur Berserker on Mar 30, 2022.
             Was a High Priest of Trog.
             Slain by a spatial vortex (18 damage)
             ... in the Dungeon (Sprint III: "The Ten Rune Challenge").
             The game lasted 00:01:33 (756 turns).

boopmooplesden the Cleaver (Minotaur Berserker)      Turns: 756, Time: 00:01:33

Health: -1/86      AC:  4    Str: 24    XL:     8   Next: 13%
Magic:  7/7        EV: 14    Int:  4    God:    Trog [*****.]
Gold:   27         SH:  0    Dex: 12    Spells: 7/7 levels left

rFire   . . .      SeeInvis .   p - +2 long sword (holy)
rCold   . . .      Faith    .   (no shield)
rNeg    . . .      Spirit   .   b - +0 animal skin
rPois   .          Reflect  .   (helmet restricted)
rElec   .          Harm     .   (no cloak)
rCorr   .          Rampage  .   (no gloves)
Will    .....      NoTele   +   (no boots)
Stlth   +.........              (no amulet)
HPRegen 0.24/turn               (no ring)
MPRegen 0.10/turn               (no ring)

@: no status effects
A: horns 2, retaliatory headbutt, iridescent scales 1, agile 1, mutation
resistance 1
a: Renounce Religion, Berserk, Trog's Hand, Brothers in Arms


You were in the Dungeon.
You worshipped Trog.
Trog was extremely pleased with you.
You visited 1 branch You collected 27 gold pieces.

Inventory:

Hand Weapons
 a - a +0 hand axe
 p - a +2 long sword of holy wrath (weapon)
Armour
 b - a +0 animal skin (worn)
Wands
 j - a wand of flame (12)
 k - a wand of paralysis (10)
Scrolls
 h - a scroll of blinking
 i - a scroll of enchant weapon {unknown}
 l - 2 scrolls of holy word {unknown}
 m - 3 scrolls of identify
Potions
 c - 3 potions of curing
 d - a potion of heal wounds
 e - a potion of haste
 f - 2 potions of magic
 g - a potion of berserk rage
 n - 3 potions of flight
 o - a potion of brilliance {unknown}


   Skills:
 + Level 13.0 Fighting
 + Level 14.5 Axes
 + Level 6.3 Armour
 + Level 7.4 Dodging
 + Level 0.8 Stealth


You had 7 spell levels left.
You didn't know any spells.
Your spell library was empty.

Dungeon Overview and Level Annotations

Branches:
Dungeon (1/1)

Altars:
Cheibriados
Dithmenos
Elyvilon
Fedhas
Gozag
Hepliaklqana
Kikubaaqudgha
Makhleb
Nemelex Xobeh
Okawaru
Qazlal
Ru
Sif Muna
Trog
Uskayaw
Vehumet
Wu Jian
Xom
Yredelemnul
Zin
The Shining One
Beogh
Jiyva
Lugonu


Innate Abilities, Weirdness & Mutations

You have a pair of horns on your head.
You reflexively headbutt those who attack you in melee.
You are partially covered in iridescent scales. (AC +2)
You are agile. (Dex +2)
You are somewhat resistant to further mutation.


Message History

You feel yourself speed up. The jelly closely misses you. The jelly misses you.
You hit the jelly.
Your hands burn!
The jelly is almost dead.
The jelly barely misses you.
You hit the jelly but do no damage.
Your hands burn!
You headbutt the jelly.
You kill the jelly!
Trog accepts your kill.
You open the door.
Found five altars.
A spatial vortex comes into view.
Found a phial of floods.
Found five altars.
There is an open door here.
You recover from your berserk rage.
There is a blossoming altar of Fedhas here.
There is a snail-covered altar of Cheibriados here.
There is a hazy altar of Hepliaklqana here.
There is an opulent altar of Gozag here.
There is a corrupted altar of Lugonu here.
You barely miss the spatial vortex. You headbutt the spatial vortex.
The spatial vortex is lightly damaged.
The spatial vortex hits you!! Space warps around you.
You slash the spatial vortex!
The spatial vortex is moderately damaged.
The spatial vortex closely misses you. The spatial vortex barely misses you.
You slash the spatial vortex!
Your headbutt misses the spatial vortex.
The spatial vortex is heavily damaged.
The spatial vortex hits you!! Space warps around you.
You barely miss the spatial vortex.
The spatial vortex is heavily damaged.
The spatial vortex hits you!
* * * LOW HITPOINT WARNING * * *
Space warps around you.
* * * LOW HITPOINT WARNING * * *
There is an opulent altar of Gozag here.
You slash the spatial vortex! You headbutt the spatial vortex!
The spatial vortex is severely damaged.
The spatial vortex hits you!!
You die...

#### ##.############
...#####..#___#___#__#
.÷..#..#..#...#__.#._#
#...#..#..###'#'###)##
##..##'#..#..........#
##..###...'.⌠........#
#.)####...#...######'#
#..###....#.⌠.#__#...#
...##.....#...#_@#...#
...#......#)###_v#...#
.##.#.....#.:.#__#...+
. ####....#___#__'...#
▓ ▓▓▓▓▓▓▓▓▓▓▓▓▓▓▓▓▓


You could see a spatial vortex.

Vanquished Creatures
  A deep elf pyromancer (D)
  A shadow (D)
  A necrophage (D)
  A water elemental (D)
  A jelly (D)
  A wizard (D)
  Jessica (D)
  A necromancer (D)
  3 humans (D)
  A kobold demonologist (D)
  A wolf (D)
  2 endoplasms (D)
  A rat (D)
16 creatures vanquished.

Notes
Turn   | Place    | Note
-------+----------+-------------------------------------------
     0 | D        | boopmooplesden the Minotaur Berserker began the quest for
                  | the Orb.
     0 | D        | Reached XP level 1. HP: 19/19 MP: 0/0
    10 | D        | Reached skill level 4 in Axes
    28 | D        | Reached ** piety under Trog
    30 | D        | Noticed Jessica
    34 | D        | Killed Jessica
    35 | D        | Reached skill level 5 in Fighting
    35 | D        | Reached skill level 6 in Axes
    35 | D        | Reached XP level 2. HP: 7/30 MP: 1/1
    35 | D        | Reached XP level 3. HP: 9/37 MP: 2/2
   256 | D        | Reached *** piety under Trog
   257 | D        | Reached skill level 7 in Axes
   273 | D        | Gained mutation: You are partially covered in iridescent
                  | scales. (AC +2) [potion of mutation]
   273 | D        | Gained mutation: You have a pair of large horns on your
                  | head. [potion of mutation]
   274 | D        | Lost mutation: You have a pair of large horns on your head.
                  | [potion of mutation]
   274 | D        | Lost mutation: You are partially covered in iridescent
                  | scales. (AC +2) [potion of mutation]
   274 | D        | Gained mutation: You are partially covered in iridescent
                  | scales. (AC +2) [potion of mutation]
   274 | D        | Gained mutation: You are agile. (Dex +2) [potion of
                  | mutation]
   274 | D        | Gained mutation: You are somewhat resistant to further
                  | mutation. [potion of mutation]
   355 | D        | Noticed a water elemental
   360 | D        | Killed a water elemental
   361 | D        | Reached skill level 8 in Axes
   361 | D        | Reached XP level 4. HP: 47/47 MP: 3/3
   392 | D        | Found a radiant altar of Vehumet.
   392 | D        | Found a shimmering blue altar of Sif Muna.
   392 | D        | Found an ancient bone altar of Kikubaaqudgha.
   392 | D        | Noticed a wizard
   399 | D        | Killed a wizard
   400 | D        | Reached XP level 5. HP: 52/53 MP: 4/4
   402 | D        | Reached skill level 9 in Axes
   471 | D        | Found a basalt altar of Yredelemnul.
   471 | D        | Found a shadowy altar of Dithmenos.
   471 | D        | Found a sacrificial altar of Ru.
   471 | D        | Noticed a necrophage
   474 | D        | Killed a necrophage
   474 | D        | Reached **** piety under Trog
   475 | D        | Reached skill level 10 in Axes
   475 | D        | Reached skill level 5 in Dodging
   477 | D        | Reached XP level 6. HP: 56/64 MP: 5/5
   553 | D        | Found a hide-covered altar of Uskayaw.
   553 | D        | Found an iron altar of Okawaru.
   554 | D        | Found a bloodstained altar of Trog.
   554 | D        | Found an ornate altar of the Wu Jian Council.
   554 | D        | Noticed a human
   554 | D        | Noticed a human
   562 | D        | Killed a human
   563 | D        | Reached skill level 10 in Fighting
   563 | D        | Reached skill level 11 in Axes
   563 | D        | Reached skill level 5 in Armour
   570 | D        | Killed a human
   571 | D        | Reached skill level 12 in Axes
   571 | D        | Reached XP level 7. HP: 64/74 MP: 6/6
   707 | D        | Found a glowing silver altar of Zin.
   707 | D        | Found a glowing golden altar of the Shining One.
   707 | D        | Found a white marble altar of Elyvilon.
   709 | D        | Noticed a deep elf pyromancer
   713 | D        | Killed a deep elf pyromancer
   713 | D        | Reached ***** piety under Trog
   714 | D        | Reached skill level 14 in Axes
   732 | D        | Noticed a shadow
   735 | D        | Killed a shadow
   736 | D        | Reached XP level 8. HP: 86/86 MP: 7/7
   744 | D        | Found a blossoming altar of Fedhas.
   744 | D        | Found a stormy altar of Qazlal.
   744 | D        | Found a snail-covered altar of Cheibriados.
   744 | D        | Found a burning altar of Makhleb.
   744 | D        | Found a shimmering altar of Xom.
   745 | D        | Found a hazy altar of Hepliaklqana.
   745 | D        | Found an opulent altar of Gozag.
   745 | D        | Found a sparkling altar of Nemelex Xobeh.
   745 | D        | Found a corrupted altar of Lugonu.
   745 | D        | Found a viscous altar of Jiyva.
   756 | D        | Slain by a spatial vortex

Illustrated notes

Levels and vault maps discovered:
D:        dungeon_sprint_mu [sprint_mu_entry_cave, sprint_mu_temple_rooms,
          sprint_mu_d1_spiders, sprint_mu_d2_genie, sprint_mu_d3_branching,
          sprint_mu_orc_legion, sprint_mu_elf_gauntlet, sprint_mu_hive_nellie,
          sprint_mu_lair_fedhas, sprint_mu_vaults_butterflies,
          sprint_mu_slime_circle, sprint_mu_swamp_cave, sprint_mu_snake_twists,
          sprint_mu_blade_basic, sprint_mu_crypt_lich, sprint_mu_tomb_spiral,
          sprint_mu_vestibule_basic, sprint_mu_gehenna_hellfire,
          sprint_mu_dis_giant, sprint_mu_tartarus_statrot,
          sprint_mu_cocytus_islands, sprint_mu_zot1]

Skill      XL: |  1  2  3  4  5  6  7 |
---------------+----------------------+-----
Fighting       | 5 7 8 9 11 13 | 13.0
Axes           | 6 8 10 12 14 | 14.5
Armour         | 3 4 5 6 |  6.3
Dodging        | 3 4 5 6 7 |  7.4
Stealth        | |  0.8

Action                   |  1- 3 |  4- 6 |  7- 9 || total
-------------------------+-------+-------+-------++-------
Melee: Hand axe          |    17 |    25 |     4 ||    46
       Headbutt          |     2 |     4 |     4 ||    10
       Punch             |       |     2 |       ||     2
       Long sword        |       |       |    11 ||    11
Invok: Berserk           |     2 |     2 |     1 ||     5
  Use: Potion            |     2 |       |       ||     2
Armor: Animal skin       |     1 |     4 |     3 ||     8
Dodge: Dodged            |     9 |     5 |    11 ||    25
